TOP OF THE 1ST |
Key West Barracudas batting - Pitching for West Virginia Power : RHP Mark Sanders
|
Pitching: RHP Mark Sanders
|
|
Batting: SHB Rodney Birling
|
0-0: Foul Ball, location: 2F 0-1: Called Strike 0-2: Strikes out swinging
|
Batting: SHB Patrick Larson
|
0-0: Ball 1-0: Foul Ball, location: 2F 1-1: SINGLE (Groundball, 34D)
|
Batting: SHB Víctor Serrano
|
0-0: Ball 1-0: Foul Ball, location: 2F 1-1: Called Strike 1-2: Foul Ball, location: 2F 1-2: Strikes out looking
|
Batting: RHB Carlos Miranda
|
0-0: Ball Patrick Larson is caught stealing 2nd base
|
Top of the 1st over - 0 run(s), 1 hit(s), 0 error(s), 0 left on base; Key West 0 - West Virginia 0 |
BOTTOM OF THE 1ST |
West Virginia Power batting - Pitching for Key West Barracudas : RHP Michael Schultz
|
Pitching: RHP Michael Schultz
|
|
Batting: RHB Alfonso Huertas
|
0-0: Ball 1-0: Called Strike 1-1: SINGLE (Groundball, 4MD)
|
Batting: RHB Vicente Torres
|
0-0: Ball 1-0: Grounds into double play, 6-4-3 (Groundball, 6)
|
Batting: RHB Wilson Gonzáles
|
0-0: Called Strike 0-1: Fly out, F8 (Flyball, 78D)
|
Bottom of the 1st over - 0 run(s), 1 hit(s), 0 error(s), 0 left on base; Key West 0 - West Virginia 0 |
TOP OF THE 2ND |
Key West Barracudas batting - Pitching for West Virginia Power : RHP Mark Sanders
|
Batting: RHB Carlos Miranda
|
0-0: Ball 1-0: Called Strike 1-1: Swinging Strike 1-2: Ground out 5-3 (Groundball, 56S)
|
Batting: RHB Dan Craft
|
0-0: Ball 1-0: Ball 2-0: Ball 3-0: Called Strike 3-1: Called Strike 3-2: SINGLE (Line Drive, 89S)
|
Batting: RHB Kenny Cole
|
Pickoff Throw to First - Error! E1 Dan Craft to second 0-0: Called Strike Dan Craft is caught stealing 3rd base 0-1: Swinging Strike 0-2: Ball 1-2: Foul Ball, location: 2F 1-2: Fly out, F7 (Flyball, 78S)
|
Top of the 2nd over - 0 run(s), 1 hit(s), 1 error(s), 0 left on base; Key West 0 - West Virginia 0 |
BOTTOM OF THE 2ND |
West Virginia Power batting - Pitching for Key West Barracudas : RHP Michael Schultz
|
Batting: RHB Cristián Herrera
|
0-0: Ball 1-0: Ball 2-0: Ball 3-0: Base on Balls
|
Batting: RHB Rubén Ayala
|
0-0: Ball 1-0: Called Strike 1-1: Ball 2-1: Ball 3-1: Swinging Strike 3-2: Base on Balls Cristián Herrera to second
|
Batting: RHB Raúl Torres
|
0-0: Ball 1-0: Ball 2-0: Swinging Strike 2-1: Foul Ball, location: 2F 2-2: Strikes out swinging
|
Batting: LHB Ernie Jackson
|
0-0: SINGLE (Flyball, 8LS) Cristián Herrera to third Rubén Ayala to second
|
Batting: LHB Luis Pérez
|
0-0: Ball 1-0: SINGLE (Flyball, 8RS) Cristián Herrera scores Rubén Ayala to third Ernie Jackson to second Runner from 3rd tries for Home, SAFE, throw made home Ernie Jackson to third Luis Pérez to second
|
Batting: RHB Jorge Ramírez
|
0-0: Ball 1-0: Called Strike 1-1: Swinging Strike 1-2: Ball 2-2: Fly out, F3 (Popup, 3L)
|
Batting: RHB Alfonso Huertas
|
0-0: SINGLE (Line Drive, 9LS) Ernie Jackson scores Luis Pérez to third Runner from 3rd tries for Home, SAFE, no throw or cutoff
|
Batting: RHB Vicente Torres
|
0-0: Ground out 6-3 (Groundball, 6)
|
Bottom of the 2nd over - 4 run(s), 3 hit(s), 0 error(s), 1 left on base; Key West 0 - West Virginia 4 |
TOP OF THE 3RD |
Key West Barracudas batting - Pitching for West Virginia Power : RHP Mark Sanders
|
Batting: LHB Daniel Byrd
|
0-0: Ball 1-0: Called Strike 1-1: Ball 2-1: Foul Ball, location: 2F 2-2: SOLO HOME RUN (Flyball, 9D), Distance : 359 ft
|
Batting: RHB Alfredo Pineda
|
0-0: Ball 1-0: Foul Ball, location: 2F 1-1: Ball 2-1: Foul Ball, location: 2F 2-2: Strikes out swinging
|
Batting: RHB Zander Tremblett
|
0-0: Called Strike 0-1: Ball 1-1: Swinging Strike 1-2: Strikes out swinging
|
Batting: SHB Rodney Birling
|
0-0: Ball 1-0: Ball 2-0: Ground out 6-3 (Groundball, 6M)
|
Top of the 3rd over - 1 run(s), 1 hit(s), 0 error(s), 0 left on base; Key West 1 - West Virginia 4 |
BOTTOM OF THE 3RD |
West Virginia Power batting - Pitching for Key West Barracudas : RHP Michael Schultz
|
Batting: RHB Wilson Gonzáles
|
0-0: Ground out 5-3 (Groundball, 56)
|
Batting: RHB Cristián Herrera
|
0-0: Called Strike 0-1: Ball 1-1: Ball 2-1: Ball 3-1: Foul Ball, location: 2F 3-2: Ground out 6-3 (Groundball, 6M)
|
Batting: RHB Rubén Ayala
|
0-0: Ball 1-0: Fly out, F8 (Flyball, 8LM)
|
Bottom of the 3rd over - 0 run(s), 0 hit(s), 0 error(s), 0 left on base; Key West 1 - West Virginia 4 |
TOP OF THE 4TH |
Key West Barracudas batting - Pitching for West Virginia Power : RHP Mark Sanders
|
Batting: SHB Patrick Larson
|
0-0: Fly out, F7 (Flyball, 7M)
|
Batting: SHB Víctor Serrano
|
0-0: Swinging Strike 0-1: Ball 1-1: Swinging Strike 1-2: Ground out 6-3 (Groundball, 6M)
|
Batting: RHB Carlos Miranda
|
0-0: Foul Ball, location: 2F 0-1: Ball 1-1: Fly out, F9 (Flyball, 9S)
|
Top of the 4th over - 0 run(s), 0 hit(s), 0 error(s), 0 left on base; Key West 1 - West Virginia 4 |
BOTTOM OF THE 4TH |
West Virginia Power batting - Pitching for Key West Barracudas : RHP Michael Schultz
|
Batting: RHB Raúl Torres
|
0-0: Called Strike 0-1: Foul Ball, location: 2F 0-2: SOLO HOME RUN (Flyball, 78XD), Distance : 433 ft
|
Batting: LHB Ernie Jackson
|
0-0: Called Strike 0-1: Ball 1-1: Called Strike 1-2: Fly out, F9 (Flyball, 9D)
|
Batting: LHB Luis Pérez
|
0-0: Ball 1-0: Called Strike 1-1: Ball 2-1: Foul Ball, location: 2F 2-2: Ball 3-2: Foul Ball, location: 2F 3-2: Ground out 4-3 (Groundball, 4)
|
Batting: RHB Jorge Ramírez
|
0-0: Ball 1-0: Called Strike 1-1: Called Strike 1-2: Ball 2-2: Foul Ball, location: 2F 2-2: Ball 3-2: Base on Balls
|
Batting: RHB Alfonso Huertas
|
0-0: SINGLE (Groundball, 4MD) Jorge Ramírez to second Jorge Ramírez to third
|
Batting: RHB Vicente Torres
|
0-0: Called Strike 0-1: Foul Ball, location: 2F 0-2: Fly out, F7 (Flyball, 78D)
|
Bottom of the 4th over - 1 run(s), 2 hit(s), 0 error(s), 2 left on base; Key West 1 - West Virginia 5 |
TOP OF THE 5TH |
Key West Barracudas batting - Pitching for West Virginia Power : RHP Mark Sanders
|
Batting: RHB Dan Craft
|
0-0: Foul Ball, location: 2F 0-1: Ball 1-1: SINGLE (Groundball, 2L) (infield hit)
|
Batting: RHB Kenny Cole
|
0-0: Swinging Strike 0-1: Ball 1-1: Ball Passed Ball! Dan Craft to second 2-1: Ball 3-1: Swinging Strike 3-2: Strikes out swinging
|
Batting: LHB Daniel Byrd
|
0-0: Foul Ball, location: 2F 0-1: Swinging Strike 0-2: Ball 1-2: Ball 2-2: Ball 3-2: Strikes out looking
|
Batting: RHB Alfredo Pineda
|
0-0: Ground out 5-3 (Groundball, 56S)
|
Top of the 5th over - 0 run(s), 1 hit(s), 0 error(s), 1 left on base; Key West 1 - West Virginia 5 |
BOTTOM OF THE 5TH |
West Virginia Power batting - Pitching for Key West Barracudas : RHP Michael Schultz
|
Batting: RHB Wilson Gonzáles
|
0-0: Fly out, F7 (Popup, 6D)
|
Batting: RHB Cristián Herrera
|
0-0: Ball 1-0: Ball 2-0: Ball 3-0: Base on Balls
|
Batting: RHB Rubén Ayala
|
0-0: Ball 1-0: SINGLE (Groundball, 34S) Cristián Herrera to second Runner from 2nd tries for 3rd, SAFE, no throw or cutoff
|
Batting: RHB Raúl Torres
|
0-0: Ball Rubén Ayala steals 2nd base 1-0: Fly out, F2 (Popup, 2RF)
|
Batting: LHB Ernie Jackson
|
0-0: Ball 1-0: Fly out, F6 (Line Drive, 6M)
|
Bottom of the 5th over - 0 run(s), 1 hit(s), 0 error(s), 2 left on base; Key West 1 - West Virginia 5 |
TOP OF THE 6TH |
Key West Barracudas batting - Pitching for West Virginia Power : RHP Mark Sanders
|
Batting: RHB Zander Tremblett
|
0-0: Ball 1-0: Ball 2-0: Ground out U3 (Groundball, 3S)
|
Batting: SHB Rodney Birling
|
0-0: Fly out, F8 (Flyball, 8RM)
|
Batting: SHB Patrick Larson
|
0-0: SINGLE (Line Drive, 6M)
|
Batting: SHB Víctor Serrano
|
0-0: Ball 1-0: Called Strike 1-1: Fly out, F9 (Flyball, 9S)
|
Top of the 6th over - 0 run(s), 1 hit(s), 0 error(s), 1 left on base; Key West 1 - West Virginia 5 |
BOTTOM OF THE 6TH |
West Virginia Power batting - Pitching for Key West Barracudas : RHP Michael Schultz
|
Batting: LHB Luis Pérez
|
0-0: Ground out 4-3 (Groundball, 4M)
|
Batting: RHB Jorge Ramírez
|
0-0: Ball 1-0: Ball 2-0: Called Strike 2-1: Ball 3-1: Base on Balls
|
Batting: RHB Alfonso Huertas
|
0-0: Ball 1-0: SINGLE (Groundball, 6MD) Jorge Ramírez to second
|
Batting: RHB Vicente Torres
|
0-0: Ball 1-0: Ball 2-0: Fly out, F6 (Line Drive, 6M)
|
Batting: RHB Wilson Gonzáles
|
0-0: Called Strike 0-1: Foul Ball, location: 2F 0-2: Ball 1-2: Ball 2-2: SINGLE (Groundball, 56) Jorge Ramírez to third Alfonso Huertas to second Runner from 3rd tries for Home, SAFE, no throw or cutoff
|
Batting: RHB Cristián Herrera
|
0-0: Called Strike 0-1: Ball 1-1: Ball 2-1: Foul Ball, location: 2F 2-2: Strikes out swinging
|
Bottom of the 6th over - 1 run(s), 2 hit(s), 0 error(s), 2 left on base; Key West 1 - West Virginia 6 |
TOP OF THE 7TH |
Key West Barracudas batting - Pitching for West Virginia Power : RHP Mark Sanders
|
Batting: RHB Carlos Miranda
|
0-0: Called Strike 0-1: Fly out, F8 (Flyball, 8RM)
|
Batting: RHB Dan Craft
|
0-0: Called Strike 0-1: Foul Ball, location: 2F 0-2: Ball 1-2: Strikes out swinging
|
Batting: RHB Kenny Cole
|
0-0: Called Strike 0-1: Ball 1-1: Foul Ball, location: 2F 1-2: Strikes out swinging
|
Top of the 7th over - 0 run(s), 0 hit(s), 0 error(s), 0 left on base; Key West 1 - West Virginia 6 |
BOTTOM OF THE 7TH |
West Virginia Power batting - Pitching for Key West Barracudas : RHP Michael Schultz
|
Pitching: RHP Steven O'Brien
|
|
Batting: RHB Rubén Ayala
|
0-0: Ball 1-0: Ball 2-0: Called Strike 2-1: Ball 3-1: Swinging Strike 3-2: Strikes out swinging
|
Batting: RHB Raúl Torres
|
0-0: Ball 1-0: Ground out U3 (Groundball, 3)
|
Batting: LHB Ernie Jackson
|
0-0: Foul Ball, location: 2F 0-1: Foul Ball, location: 2F 0-2: Ball 1-2: Strikes out looking
|
Bottom of the 7th over - 0 run(s), 0 hit(s), 0 error(s), 0 left on base; Key West 1 - West Virginia 6 |
TOP OF THE 8TH |
Key West Barracudas batting - Pitching for West Virginia Power : RHP Mark Sanders
|
Batting: LHB Daniel Byrd
|
0-0: Ground out 4-3 (Groundball, 34)
|
Batting: RHB Alfredo Pineda
|
0-0: Called Strike 0-1: Ball 1-1: Foul Ball, location: 2F 1-2: Ball 2-2: Ball 3-2: Base on Balls
|
Batting: RHB Zander Tremblett
|
0-0: SINGLE (Groundball, 56D) Alfredo Pineda to second
|
Batting: SHB Rodney Birling
|
0-0: Called Strike 0-1: Ball 1-1: SINGLE (Groundball, 34D) (infield hit) Alfredo Pineda to third Zander Tremblett to second
|
Batting: SHB Patrick Larson
|
0-0: Ball 1-0: Ball 2-0: Ball 3-0: Called Strike 3-1: Foul Ball, location: 2F 3-2: DOUBLE (Line Drive, 7LS) Alfredo Pineda scores Zander Tremblett scores Rodney Birling to third
|
Batting: SHB Víctor Serrano
|
0-0: Ball 1-0: Called Strike 1-1: Ball 2-1: Foul Ball, location: 2F 2-2: Strikes out swinging
|
Batting: RHB Carlos Miranda
|
0-0: Called Strike 0-1: Ball Balk! Rodney Birling scores Patrick Larson to third 1-1: Called Strike 1-2: Fly out, F6 (Line Drive, 6D)
|
Top of the 8th over - 3 run(s), 3 hit(s), 0 error(s), 1 left on base; Key West 4 - West Virginia 6 |
BOTTOM OF THE 8TH |
West Virginia Power batting - Pitching for Key West Barracudas : RHP Steven O'Brien
|
Batting: LHB Luis Pérez
|
0-0: Ball 1-0: Ball 2-0: Foul Ball, location: 2F 2-1: Called Strike 2-2: Strikes out looking
|
Batting: RHB Jorge Ramírez
|
0-0: Ball 1-0: Fly out, F7 (Flyball, 78XD)
|
Batting: RHB Alfonso Huertas
|
0-0: Ball 1-0: Swinging Strike 1-1: Foul Ball, location: 2F 1-2: Ball 2-2: Foul Ball, location: 2F 2-2: SINGLE (Groundball, 34D)
|
Batting: RHB Vicente Torres
|
0-0: Called Strike 0-1: Ball 1-1: Reached on error, E5 (Groundball, 5L) Alfonso Huertas to third
|
Batting: RHB Wilson Gonzáles
|
0-0: Ball 1-0: Ball 2-0: Ball 3-0: Base on Balls
|
Batting: RHB Cristián Herrera
|
0-0: Ball 1-0: Ball 2-0: Ball 3-0: Called Strike 3-1: DOUBLE (Line Drive, 7LD) Alfonso Huertas scores Vicente Torres scores Wilson Gonzáles to third Runner from 3rd tries for Home, SAFE, no throw or cutoff
|
Batting: RHB Rubén Ayala
|
0-0: Ball 1-0: Foul Ball, location: 2F 1-1: Swinging Strike 1-2: Fly out, F4 (Popup, 4)
|
Bottom of the 8th over - 3 run(s), 2 hit(s), 1 error(s), 1 left on base; Key West 4 - West Virginia 9 |
TOP OF THE 9TH |
Key West Barracudas batting - Pitching for West Virginia Power : RHP Mark Sanders
|
Batting: RHB Dan Craft
|
0-0: Ball 1-0: Ball 2-0: SINGLE (Groundball, 56)
|
Batting: RHB Kenny Cole
|
0-0: Foul Ball, location: 2F 0-1: Called Strike 0-2: Ball 1-2: Strikes out swinging
|
Batting: LHB Daniel Byrd
|
0-0: Called Strike 0-1: Ball 1-1: Foul Ball, location: 2F 1-2: Ball 2-2: Ball 3-2: Strikes out looking Dan Craft steals 2nd base Batter strikes out.
|
Pitching: RHP Howard Baker
|
|
Batting: RHB Alfredo Pineda
|
0-0: Ball 1-0: Swinging Strike 1-1: DOUBLE (Flyball, 78D) Dan Craft scores
|
Batting: RHB Zander Tremblett
|
0-0: Ground out 5-3 (Groundball, 56)
|
Top of the 9th over - 1 run(s), 2 hit(s), 0 error(s), 1 left on base; Key West 5 - West Virginia 9 |
|